 Dungeon Crawl Stone Soup version 0.30-a0-1018-g25214051b3 (webtiles) character file.

Game seed: 15895927832756667547

1635 BlueFish the Sneak (level 8, -3/54 HPs)
             Began as an Octopode Warper on Apr 7, 2023.
             Was an Initiate of Cheibriados.
             Slain by a sky beast (6 damage)
             ... on level 7 of the Dungeon.
             The game lasted 00:13:37 (5592 turns).

BlueFish the Sneak (Octopode Warper)                Turns: 5592, Time: 00:13:38

Health: -3/54      AC:  3    Str: 19    XL:     8   Next: 98%
Magic:  12/13      EV: 14    Int: 17    God:    Cheibriados [......]
Gold:   300        SH:  0    Dex: 12    Spells: 7/14 levels left

rFire   . . .      SeeInvis .      - Unarmed
rCold   . . .      Faith    .    (no shield)
rNeg    . . .      Spirit   .    r - +2 hat
rPois   .          Reflect  .    o - amulet of regeneration
rElec   .          Rampage  .    v - +6 ring of strength
rCorr   .                        (no ring)
Will    .....                    (no ring)
Stlth   +++++                    (no ring)
HPRegen 1.09/turn                (no ring)
MPRegen 0.13/turn                (no ring)
                                 (no ring)
                                 (no ring)

@: very slow
A: almost no armour, amphibious, 8 rings, camouflage 1, gelatinous body 1,
(nimble swimmer 1), tentacles
a: Renounce Religion


You were on level 7 of the Dungeon.
You worshipped Cheibriados.
Cheibriados was noncommittal.
You visited 2 branches of the dungeon, and saw 8 of its levels.
You also visited: Ossuary.

You collected 300 gold pieces.

Inventory:

Missiles
 b - 4 boomerangs of dispersal (quivered)
 w - a throwing net
Armour
 r - a +2 hat (worn)
Jewellery
 o - an amulet of regeneration (around mantle)
 v - a +6 ring of strength (left tentacle)
Wands
 c - a wand of charming (19)
 q - a wand of polymorph (21)
Scrolls
 a - 3 scrolls of blinking
 d - 2 scrolls of vulnerability
 h - 2 scrolls of silence {unknown}
 i - 3 scrolls of teleportation {unknown}
 m - a scroll of poison {unknown}
 n - a scroll of noise {unknown}
 p - a scroll of amnesia {unknown}
 s - a scroll of enchant armour {unknown}
 t - 3 scrolls of identify
 x - 2 scrolls of immolation {unknown}
 y - a scroll of fog {unknown}
 A - a scroll of magic mapping {unknown}
 C - a scroll of fear {unknown}
Potions
 e - 2 potions of heal wounds
 f - 2 potions of brilliance {unknown}
 g - a potion of degeneration {unknown}
 j - 3 potions of cancellation {unknown}
 k - 2 potions of curing
 l - 2 potions of might {unknown}
 u - 2 potions of mutation {unknown}
 z - 2 potions of haste {unknown}
 B - a potion of attraction {unknown}


   Skills:
 + Level 4.2 Fighting
 + Level 3.9 Throwing
 + Level 4.3 Dodging
 * Level 7.9 Stealth
 + Level 4.2 Unarmed Combat
 + Level 3.8 Spellcasting
 + Level 4.8 Translocations
 + Level 0.4 Invocations
 + Level 0.4 Evocations


You had 7 spell levels left.
You knew the following spells:

 Your Spells              Type           Power      Damage    Failure   Level
a - Blink                 Tloc           38%        N/A       3%          2
b - Lesser Beckoning      Tloc           38%        N/A       3%          2
c - Teleport Other        Tloc           19%        N/A       6%          3

Your spell library contained the following spells:

 Spells                   Type           Power      Damage    Failure   Level
 Slow                     Hex            12%        N/A       16%         1
 Vhi's Electric Charge    Tloc/Air       22%        N/A       19%         3
 Manifold Assault         Tloc           19%        N/A       22%         4
 Confusing Touch          Hex            3%         N/A       43%         3
 Vampiric Draining        Necr           3%         2d6       43%         3


Dungeon Overview and Level Annotations

Branches:
Dungeon (7/15)             Temple (1/1) D:5         Ossuary (visited)

Altars:
Ashenzari
Cheibriados
Dithmenos
Elyvilon
Fedhas
Gozag
Makhleb
Nemelex Xobeh
Okawaru
Ru
Sif Muna
Trog
Uskayaw
Vehumet
Wu Jian
Xom
Yredelemnul
Zin
The Shining One

Shops:
D:1 *

Annotations:
D:5 Prince Ribbit


Innate Abilities, Weirdness & Mutations

You cannot wear most types of armour.
You are amphibious.
You can wear up to eight rings at the same time.
Your skin changes colour to match your surroundings (Stealth+).
Your rubbery body absorbs attacks. (AC +1, EV +1)
((You are camouflaged when in or above water. (Stealth+)))
You have tentacles for arms and can constrict up to eight enemies at once.


Message History

The sky beast is severely wounded.
The sky beast closely misses you.
You miss the sky beast.
The sky beast is severely wounded.
The sky beast hits you. The sky beast shocks you.
You closely miss the sky beast.
The sky beast is severely wounded.
You closely miss the sky beast.
The sky beast is severely wounded.
The sky beast flickers out of sight!
Deactivating autopickup; reactivate with Ctrl-A.
Something hits you. Something shocks you.
You miss something. Something barely misses you.
You tentacle-slap something. Your squeeze misses something. Something hits you.
Something shocks you.
You tentacle-slap something. Something hits you. Something shocks you.
* * * LOW HITPOINT WARNING * * *
You tentacle-slap something but do no damage.
Your squeeze misses something.
A sky beast appears from thin air!
Reactivating autopickup.
The sky beast hits you.
* * * LOW HITPOINT WARNING * * *
The sky beast shocks you.
* * * LOW HITPOINT WARNING * * *
You tentacle-slap the sky beast.
Your tentacle-slap misses the sky beast.
Your squeeze misses the sky beast.
The sky beast is almost dead.
The sky beast hits you.
* * * LOW HITPOINT WARNING * * *
The sky beast shocks you.
* * * LOW HITPOINT WARNING * * *
You barely miss the sky beast.
The sky beast is almost dead.
The sky beast flickers out of sight!
Deactivating autopickup; reactivate with Ctrl-A.
Something hits you.
* * * LOW HITPOINT WARNING * * *
Something shocks you.
You die...

####### #.....#
###############.....#
....................#
.##############.@...#
## #..{..# ##...## #
#... ...... # #..#
....).. ###..#
.......## ..#..#
##...### ..#..# .....
..#..#


There were no monsters in sight!

Vanquished Creatures
  An orc warrior (D:4)
  2 ogres
  A phantom (D:5)
  2 elf zombies (Ossuary)
  2 bullfrogs (D:7)
  2 scorpions
  A centaur zombie (Ossuary)
  4 hounds
  5 orc priests
  3 human zombies (Ossuary)
  An iguana (D:4)
  8 orc wizards
  2 mummies (Ossuary)
  Robin (D:1)
  6 adders
  4 gnolls
  3 ufetubi
  An adder zombie (Ossuary)
  2 worms
  2 dart slugs
  31 orcs
  5 endoplasms
  2 giant cockroaches (D:4)
  7 hobgoblins
  3 jackals (D:1)
  3 quokkas
  6 ball pythons
  6 bats
  3 frilled lizards
  14 goblins
  A goblin zombie (Ossuary)
  12 hobgoblin zombies (Ossuary)
  5 kobolds
  11 kobold zombies (Ossuary)
  5 orc zombies (Ossuary)
  3 rats (D:3)
170 creatures vanquished.

Notes
Turn   | Place    | Note
-------+----------+-------------------------------------------
     0 | D:1      | BlueFish the Octopode Warper began the quest for the Orb.
     0 | D:1      | Reached XP level 1. HP: 14/14 MP: 3/3
    47 | D:1      | Reached skill level 1 in Stealth
    48 | D:1      | Reached XP level 2. HP: 11/19 MP: 5/5
    51 | D:1      | Learned a level 2 spell: Blink
    54 | D:1      | Learned a level 2 spell: Lesser Beckoning
   137 | D:1      | Found Olilux's General Store.
   163 | D:1      | Reached skill level 2 in Stealth
   163 | D:1      | Reached XP level 3. HP: 20/24 MP: 6/6
   470 | D:2      | Noticed Robin
   908 | D:2      | Reached XP level 4. HP: 29/29 MP: 7/7
   912 | D:2      | Learned a level 3 spell: Teleport Other
  1005 | D:1      | Killed Robin
  1527 | D:3      | Reached skill level 3 in Stealth
  1561 | D:3      | Reached XP level 5. HP: 35/35 MP: 8/8
  2032 | D:3      | Found an opulent altar of Gozag.
  2039 | D:3      | Found an ornate altar of the Wu Jian Council.
  2168 | D:4      | Reached XP level 6. HP: 38/41 MP: 9/9
  2233 | D:4      | Reached skill level 4 in Stealth
  2318 | D:4      | Found a sand-covered staircase.
  2339 | Ossuary  | Entered an ossuary
  2564 | Ossuary  | Reached XP level 7. HP: 38/46 MP: 11/11
  2586 | Ossuary  | Reached skill level 5 in Stealth
  3148 | D:4      | Reached skill level 6 in Stealth
  3360 | D:5      | Entered Level 5 of the Dungeon
  3455 | D:5      | Reached XP level 8. HP: 41/52 MP: 12/12
  3528 | D:5      | Noticed Blork the orc
  3562 | D:5      | Blork the orc changed into Blork the hobgoblin
  3562 | D:5      | Noticed Blork
  3568 | D:5      | Killed Blork the hobgoblin
  3594 | D:5      | Found a staircase to the Ecumenical Temple.
  3607 | Temple   | Entered the Ecumenical Temple
  3874 | D:5      | Reached skill level 7 in Stealth
  3930 | D:5      | Noticed Prince Ribbit
  5444 | D:7      | Found a shimmering altar of Xom.
  5444 | D:7      | Found a snail-covered altar of Cheibriados.
  5449 | D:7      | Became a worshipper of Cheibriados the Contemplative
  5592 | D:7      | Slain by a sky beast

Illustrated notes

Levels and vault maps discovered:
D:1:      wander_arrival_lonely_grave, layout_rooms, serial_shops,
          nicolae_shop_hallway_stairs, minmay_pentomino_q2
D:2:      layout_basic, nicolae_half_adder, uniq_robin
D:3:      layout_loops_cross, amethyst_overflow_temple_binary,
          roderic_roman_lattice, minmay_quadrilaterals
D:4:      layout_gridville, nicolae_ossuary_entry_false_entrances,
          kennysheep_cluttered_room, nicolae_nh_ransacked_shop
D:5:      layout_basic, minmay_temple_entry_ruins, uniq_prince_ribbit1,
          uniq_blork_the_orc
D:6:      nicolae_cairo_tiling_large_dashed, layout_layer_cave
D:7:      layout_loops_ring, kiku_gazebo_garden_becter,
          chequers_temple_overflow_statue_of_worship, serial_shops, shop, shop,
          uniq_joseph, uniq_pikel, uniq_duvessa
Temple:   regret_index_temple_waves

Skill      XL: |  1  2  3  4  5  6  7  8 |
---------------+-------------------------+-----
Stealth        | 1 2 3 4 6 7 |  7.9
Throwing       | 2 3 |  3.9
Dodging        | 3 4 |  4.3
Fighting       | 3 4 |  4.2
Unarmed Combat | 3 4 |  4.2
Translocations | 4 |  4.8
Spellcasting   | 3 |  3.8
Invocations    | |  0.4
Evocations     | |  0.4

Action                     |  1- 3 |  4- 6 |  7- 9 || total
---------------------------+-------+-------+-------++-------
  Melee: Unarmed           |    70 |   200 |   292 ||   562
         Constrict         |    19 |    52 |    52 ||   123
         Tentacles         |     8 |    51 |    71 ||   130
         Punch             |       |    11 |     9 ||    20
  Throw: Boomerang         |     2 |     5 |    15 ||    22
         Stone             |     1 |    14 |     6 ||    21
   Cast: Lesser Beckoning  |       |       |    12 ||    12
  Evoke: Wand              |       |       |     2 ||     2
    Use: Scroll            |       |     3 |       ||     3
         Potion            |       |     2 |     2 ||     4
   Stab: Sleeping          |     5 |     5 |     2 ||    12
         Distracted        |       |       |     1 ||     1
 Armour: Skin              |     4 |    29 |    32 ||    65
  Dodge: Dodged            |    38 |   108 |   150 ||   296

Table legend: (Time is in decaauts)
 A = Elapsed time spent in this place.
 B = Non-inter-level travel time spent in this place.
 C = Inter-level travel time spent in this place.
 D = Time resting spent in this place.
 E = Time spent auto-exploring this place.
 F = Levels seen in this place.
 G = Mean time per level.
                   A        B        C        D        E       F      G
               +--------+--------+--------+--------+--------+-----+--------+
         Total |   5594 |   5336 |    258 |     44 |   3683 |   9 |  621.6 |
       Dungeon |   5109 |   4868 |    241 |     34 |   3497 |   7 |  729.9 |
        Temple |     86 |     69 |     17 |      0 |     58 |   1 |   86.0 |
       Ossuary |    399 |    399 |      0 |     10 |    128 |   1 |  399.0 |
               +--------+--------+--------+--------+--------+-----+--------+

Top non-repeatable levels by time:
     D:6: 1200 daAuts
     D:4: 873 daAuts
     D:3: 848 daAuts
     D:5: 785 daAuts
     D:2: 670 daAuts
     D:1: 553 daAuts
 Ossuary: 399 daAuts
     D:7: 177 daAuts
  Temple: 86 daAuts
